 Dungeon Crawl Stone Soup version 0.21.0 (webtiles) character file.

4386 mopl the Thaumaturge (level 10, -13/63 HPs)
             Began as a Mummy Summoner on Jan 7, 2018.
             Was an Elder of Sif Muna.
             Splashed by Maurice's acid (16 damage)
             ... on level 10 of the Dungeon.
             The game lasted 00:27:01 (10864 turns).

mopl the Thaumaturge (Mummy Summoner)              Turns: 10864, Time: 00:27:01

Health: -13/63     AC: -1    Str: 13    XL:     10   Next: 13%
Magic:  8/22       EV: 12    Int: 17    God:    Sif Muna [****..]
Gold:   480        SH:  0    Dex: 12    Spells: 7/25 levels left

rFire    . . .     SeeInvis .   a - +1 spear (venom)
rCold    + . .     Gourm    .   (no shield)
rNeg     + + +     Faith    +   c - +0 robe
rPois    ∞         Spirit   .   o - +0 helmet
rElec    .         Reflect  .   r - +0 cloak
rCorr    .         Harm     .   J - +0 pair of gloves
MR       +....                  (no boots)
Stlth    ++........             B - amulet of faith {!P}
HPRegen  0.20/turn              w - ring of protection from fire
MPRegen  0.18/turn              D - +2 ring of protection

@: corroded
A: no food or potions, fire vulnerability, cold resistance 1, negative energy
resistance 3, torment resistance, unbreathing
a: Divine Energy, Channel Magic, Forget Spell, Renounce Religion


You were on level 10 of the Dungeon.
You worshipped Sif Muna.
Sif Muna was greatly pleased with you.
You were not hungry.

You visited 2 branches of the dungeon, and saw 11 of its levels.
You also visited: Sewer.

You collected 480 gold pieces.

Inventory:

Hand Weapons
 a - a +1 spear of venom (weapon)
 b - a +0 blowgun
 t - the +6 shillelagh "Devastator" {shatter}
   (You found it on level 5 of the Dungeon)
 v - a +0 trident
 z - a +3 quarterstaff of chaos
 G - a +1 trident of piercing
Missiles
 m - 9 poisoned needles
 u - 2 curare-tipped needles
 x - 6 tomahawks (quivered)
 F - 3 needles of confusion
Armour
 c - a +0 robe (worn)
 o - a +0 helmet (worn)
 r - a +0 cloak (worn)
 H - the cursed +0 scale mail of Untold Secrets {Int+7, unknown}
   (You found it on level 10 of the Dungeon)

   It affects your intelligence (+7).
   It has a curse placed upon it.
 J - a +0 pair of gloves (worn)
Magical Staves
 p - an uncursed staff of fire
Jewellery
 w - a ring of protection from fire (left hand)
 B - an amulet of faith (around neck) {!P}
 D - a +2 ring of protection (right hand)
Wands
 j - a wand of random effects (27)
Scrolls
 e - a scroll of immolation
 f - 2 scrolls of magic mapping {unknown}
 g - 7 scrolls of teleportation
 h - 3 scrolls of enchant armour
 i - 2 scrolls of fear
 l - 3 scrolls of remove curse
 q - 2 scrolls of enchant weapon
 C - 2 scrolls of amnesia {unknown}
 E - a scroll of fog {unknown}
 I - a scroll of identify
Books
 k - a book of Cantrips

   Spells                             Type                      Level
   a - Confusing Touch                Hexes                        1
   b - Animate Skeleton               Necromancy                   1
   c - Summon Small Mammal            Summoning                    1
   d - Apportation                    Translocation                1
 n - a book of Callings

   Spells                             Type                      Level
   a - Summon Small Mammal            Summoning                    1
   b - Call Imp                       Summoning                    2
   c - Call Canine Familiar           Summoning                    3
   d - Summon Guardian Golem          Hexes/Summoning              3
   e - Summon Lightning Spire         Summoning/Air                4
   f - Summon Ice Beast               Ice/Summoning                4
 A - a book of Maledictions

   Spells                             Type                      Level
   a - Corona                         Hexes                        1
   b - Ensorcelled Hibernation        Hexes/Ice                    2
   c - Confuse                        Hexes                        3
   d - Tukima's Dance                 Hexes                        3
   e - Dazzling Spray                 Conjuration/Hexes            3


   Skills:
 - Level 1.5 Dodging
 - Level 1.5 Stealth
 - Level 8.0 Spellcasting
 - Level 2.0 Hexes
 * Level 8.0 Summonings
 + Level 4.7 Ice Magic
 - Level 5.0 Air Magic
 + Level 4.4 Invocations


You had 7 spell levels left.
You knew the following spells:

 Your Spells              Type           Power        Failure   Level  Hunger
a - Summon Small Mammal   Summ           ####         1%          1    N/A
b - Call Imp              Summ           ####....     1%          2    N/A
c - Call Canine Familiar  Summ           ####....     1%          3    N/A
d - Summon Ice Beast      Ice/Summ       ####....     8%          4    N/A
f - Summon Lightning Spi  Summ/Air       ####....     7%          4    N/A
g - Summon Guardian Gole  Hex/Summ       ###.....     4%          3    N/A
x - Animate Skeleton      Necr           N/A          11%         1    N/A

Dungeon Overview and Level Annotations

Branches:
Dungeon (11/15)            Temple (1/1) D:5            Lair (0/6) D:10
    Orc: D:9-12

Altars:
Ashenzari
Cheibriados
Elyvilon
Fedhas
Gozag
Hepliaklqana
Kikubaaqudgha
Nemelex Xobeh
Okawaru
Qazlal
Ru
Sif Muna
Vehumet
Xom
Yredelemnul
The Shining One


Innate Abilities, Weirdness & Mutations

You do not eat or drink.
Your flesh is vulnerable to fire.
You are immune to poison.
Your flesh is cold resistant. (rC+)
You are immune to negative energy. (rN+++)
You are immune to unholy pain and torment.
You can survive without breathing.


Message History

Unknown command.
Unknown command.
Your hound bites something but does no damage.
You hear a zap.
A bolt of acid appears from out of thin air!
The bolt of acid hits you! The acid corrodes you!
You are splashed with acid!
The acid burns!
* * * LOW HITPOINT WARNING * * *
Your hound bites something.
Your hound closely misses something.
Something blocks your hound's attack.
You hear a zap.
A bolt of acid appears from out of thin air!
The bolt of acid hits your ice beast.
Your ice beast is splashed with acid.
The acid corrodes your ice beast!
Your ice beast dies!
The bolt of acid hits you!
* * * LOW HITPOINT WARNING * * *
The acid corrodes you!
You are splashed with acid!
The acid burns!
You die...

#.#'####....# #....# .. #.#.
'....# #....##'# #.#. #....#
#.......# ####.#. #.(..#
#.......# .. .....#
#....#####.......# ...
.....#
#................#....
.....# #................#...
.....# #................'...
.....# #.....@..h.......#.
.....# #............†...#
.....######.....########...#
................# #...#
................# #.†.#
.........######.# #...#
.........# #.# #...#
.........# #.# #...#
...PP....# #.+ #...'


You could see a friendly hound.

Vanquished Creatures
  The ghost of hilaritas the Carver, a novice MiFi of Uskayaw (D:5)
  A centaur skeleton (D:10)
  A hippogriff (D:7)
  A human (D:11)
  Menkaure (D:5)
  2 ice beasts
  A sky beast (D:7)
  A black bear (D:8)
  2 crocodiles (D:10)
  2 bullfrogs (D:11)
  2 wights
  2 howler monkeys (D:8)
  A crimson imp (D:8)
  A bullfrog zombie (D:6)
  An orc priest (D:8)
  2 bullfrog skeletons
  A hound (D:7)
  An orc wizard (D:7)
  Jessica (D:2)
  2 worker ants
  A hound skeleton (D:6)
  A hound zombie (D:6)
  3 gnolls (D:8)
  8 adders
  A howler monkey skeleton (D:6)
  2 adder skeletons (D:6)
  A dart slug (D:1)
  2 leopard geckos
  8 orcs
  3 giant cockroaches
  4 goblins
  3 hobgoblins
  2 jackals (D:2)
  A quokka (D:8)
  A ball python (D:3)
  5 bats
  2 frilled lizards (D:2)
  A jackal skeleton (D:7)
  9 kobolds
  A quokka zombie (D:6)
  9 rats
  A withered plant (D:6)
96 creatures vanquished.

Vanquished Creatures (collateral kills)
  A two-headed ogre (D:10)
  A deep elf mage (D:11)
  A gargoyle (D:11)
  Grinder (D:4)
  Prince Ribbit (D:7)
  2 hippogriffs
  4 porcupines (D:10)
  Duvessa (D:7)
  An orc warrior (D:10)
  2 ice beasts
  A black bear (D:7)
  A phantom (D:7)
  2 ogres
  A centaur (D:10)
  A big kobold (Sewer)
  A bullfrog (D:10)
  Dowan (D:7)
  3 scorpions
  5 wights
  A howler monkey (D:8)
  A crimson imp (D:5)
  6 orc priests
  4 hounds
  Crazy Yiuf (D:5)
  2 jellies
  3 orc wizards (D:5)
  2 centaur skeletons
  8 worker ants
  2 killer bee zombies (D:6)
  A hound zombie (D:6)
  2 hound skeletons
  2 river rats (Sewer)
  5 adders
  A howler monkey skeleton (D:5)
  A shadow imp (D:7)
  An adder zombie (D:5)
  An adder skeleton (D:5)
  2 worms (D:3)
  A dart slug (D:1)
  A leopard gecko (D:2)
  17 orcs
  2 goblins
  4 hobgoblins
  7 jackals
  2 quokkas
  A ball python (D:3)
  5 bats
  3 frilled lizards
  8 kobolds
  A leopard gecko skeleton (D:4)
  A quokka skeleton (D:6)
  4 rats
134 creatures vanquished.

Vanquished Creatures (others)
  An orc (D:11)
  4 fungi (D:10)
  4 plants (D:10)
9 creatures vanquished.

Grand Total: 239 creatures vanquished

Notes
Turn   | Place    | Note
-------+----------+-------------------------------------------
     0 | D:1      | mopl the Mummy Summoner began the quest for the Orb.
     0 | D:1      | Reached XP level 1. HP: 13/13 MP: 4/4
   289 | D:1      | Reached skill level 3 in Spellcasting
   289 | D:1      | Reached XP level 2. HP: 3/19 MP: 1/6
   298 | D:1      | Learned a level 2 spell: Call Imp
  1217 | D:1      | Reached XP level 3. HP: 17/24 MP: 4/7
  1229 | D:1      | Learned a level 3 spell: Call Canine Familiar
  1487 | D:2      | Found a sacrificial altar of Ru.
  1512 | D:2      | Noticed Jessica
  1522 | D:2      | Killed Jessica
  1522 | D:2      | Reached skill level 4 in Summonings
  1577 | D:2      | Learned a level 3 spell: Summon Guardian Golem
  2203 | D:2      | Reached XP level 4. HP: 28/30 MP: 9/9
  2204 | D:2      | Found a blossoming altar of Fedhas.
  2606 | D:3      | Learned a level 1 spell: Animate Skeleton
  2749 | D:3      | Reached skill level 4 in Spellcasting
  2968 | D:3      | Found a glowing drain.
  2986 | Sewer    | Entered a sewer
  3141 | Sewer    | Noticed a big kobold
  3156 | Sewer    | Killed a big kobold
  3156 | Sewer    | Reached XP level 5. HP: 34/35 MP: 6/11
  3189 | Sewer    | Found a glowing silver altar of Zin.
  4028 | D:4      | Reached skill level 5 in Summonings
  4038 | D:4      | Noticed Grinder
  4099 | D:4      | Paralysed by Grinder for 3 turns
  4103 | D:4      | Killed Grinder
  4103 | D:4      | Reached skill level 5 in Spellcasting
  4103 | D:4      | Reached XP level 6. HP: 41/41 MP: 4/14
  4109 | D:4      | Learned a level 4 spell: Summon Ice Beast
  4975 | D:5      | Entered Level 5 of the Dungeon
  4975 | D:5      | Noticed an ice beast
  4990 | D:5      | Reached skill level 1 in Ice Magic
  5099 | D:5      | Found a staircase to the Ecumenical Temple.
  5101 | D:5      | Found a faded altar of an unknown god.
  5108 | Temple   | Entered the Ecumenical Temple
  5137 | Temple   | Became a worshipper of Sif Muna the Loreminder
  5253 | D:5      | Reached skill level 6 in Spellcasting
  5349 | D:5      | Reached XP level 7. HP: 41/46 MP: 13/16
  5356 | D:5      | Noticed Menkaure
  5359 | D:5      | Noticed hilaritas's ghost (novice MiFi)
  5403 | D:5      | Killed hilaritas's ghost
  5403 | D:5      | Reached skill level 1 in Hexes
  5403 | D:5      | Reached skill level 2 in Ice Magic
  5403 | D:5      | Reached skill level 1 in Invocations
  5407 | D:5      | Reached * piety under Sif Muna
  5413 | D:5      | Learned a level 4 spell: Summon Lightning Spire
  5481 | D:5      | Killed Menkaure
  5764 | D:5      | Reached skill level 7 in Spellcasting
  5764 | D:5      | Reached XP level 8. HP: 51/52 MP: 3/18
  6015 | D:5      | Found a runed door.
  6019 | D:5      | Noticed Crazy Yiuf
  6020 | D:5      | Found the +6 shillelagh "Devastator" {shatter}
  6023 | D:5      | Killed Crazy Yiuf
  6023 | D:5      | Reached skill level 1 in Air Magic
  6353 | D:6      | Reached skill level 2 in Hexes
  6521 | D:6      | Reached skill level 6 in Summonings
  6665 | D:6      | Reached skill level 2 in Invocations
  6723 | D:6      | Found a sacrificial altar of Ru.
  6804 | D:6      | Found a radiant altar of Vehumet.
  6972 | D:7      | Noticed Prince Ribbit
  6980 | D:7      | Reached skill level 3 in Ice Magic
  6986 | D:7      | Killed Prince Ribbit
  6986 | D:7      | Reached ** piety under Sif Muna
  6986 | D:7      | Reached skill level 2 in Air Magic
  7600 | D:7      | Reached skill level 8 in Spellcasting
  8055 | D:7      | Noticed Dowan
  8085 | D:7      | Noticed Duvessa
  8108 | D:7      | Killed Duvessa
  8151 | D:7      | Noticed a hippogriff
  8173 | D:7      | Killed a hippogriff
  8173 | D:7      | Reached skill level 3 in Air Magic
  8186 | D:7      | Got a shimmering dagger
  8376 | D:7      | Reached XP level 9. HP: 57/57 MP: 10/21
  8599 | D:7      | Found a glowing golden altar of the Shining One.
  8601 | D:7      | Found a basalt altar of Yredelemnul.
  8603 | D:7      | Found an ancient bone altar of Kikubaaqudgha.
  8603 | D:7      | Found a snail-covered altar of Cheibriados.
  8607 | D:7      | Found a sparkling altar of Nemelex Xobeh.
  8608 | D:7      | Found a shattered altar of Ashenzari.
  8635 | D:7      | Killed Dowan
  8635 | D:7      | Reached skill level 3 in Invocations
  8719 | D:8      | Found a stormy altar of Qazlal.
  8798 | D:8      | Identified the +9 dagger "Beastbane" {flame, rC+} (You found it on level 7 of the Dungeon)
  8871 | D:8      | Reached *** piety under Sif Muna
  8935 | D:8      | Found a hazy altar of Hepliaklqana.
  9014 | D:8      | You fall through a shaft for 3 floors!
  9164 | D:11     | Noticed a deep elf mage
  9182 | D:11     | Reached skill level 7 in Summonings
  9182 | D:11     | Reached skill level 4 in Air Magic
  9182 | D:11     | Killed a deep elf mage
  9182 | D:11     | Reached skill level 4 in Ice Magic
  9385 | D:11     | Noticed a gargoyle
  9413 | D:11     | Killed a gargoyle
  9615 | D:10     | Entered Level 10 of the Dungeon
  9707 | D:10     | Reached **** piety under Sif Muna
  9790 | D:10     | Reached skill level 4 in Invocations
  9974 | D:10     | Got a warped scale mail
 10412 | D:10     | Reached XP level 10. HP: 26/63 MP: 12/22
 10555 | D:11     | Noticed a five-headed hydra
 10741 | D:10     | Found a staircase to the Lair.
 10742 | D:10     | Noticed a two-headed ogre
 10752 | D:10     | Killed a two-headed ogre
 10829 | D:10     | Reached skill level 8 in Summonings
 10829 | D:10     | Reached skill level 5 in Air Magic
 10864 | D:10     | HP: 3/63 [something/wand of acid (2) (14)]
 10864 | D:10     | Splashed by Maurice's acid

Skill      XL: |  1  2  3  4  5  6  7  8  9 10 |
---------------+-------------------------------+-----
Spellcasting   | 3 4 5 6 7 8 |  8.0
Summonings     | 4 5 6 7 8 |  8.0
Ice Magic      | 1 2 3 4 |  4.7
Hexes          | 1 2 |  2.0
Invocations    | 1 2 4 |  4.4
Air Magic      | 3 4 5 |  5.0
Dodging        | |  1.5
Stealth        | |  1.5

Action                   |  1- 3 |  4- 6 |  7- 9 | 10-12 || total
-------------------------+-------+-------+-------+-------++-------
Melee: Whip              |   133 |   162 |    69 |       ||   364
       Unarmed           |     4 |       |       |       ||     4
       Quarterstaff      |       |       |   109 |       ||   109
       Shillelagh        |       |       |     5 |       ||     5
       Spear             |       |       |   122 |    15 ||   137
 Cast: Summon Small Mamm |     8 |     3 |       |       ||    11
       Call Imp          |     5 |    24 |     3 |       ||    32
       Call Canine Famil |     4 |    19 |    21 |     4 ||    48
       Animate Skeleton  |       |     4 |     3 |       ||     7
       Summon Ice Beast  |       |       |    61 |     8 ||    69
       Summon Lightning  |       |       |     8 |       ||     8
       Summon Guardian G |       |       |     7 |     1 ||     8
Invok: Channel Magic     |       |       |     2 |       ||     2
Evoke: Wand              |       |       |     2 |       ||     2
  Use: Scroll            |       |     5 |     3 |     1 ||     9
 Stab: Sleeping          |     3 |     3 |     2 |       ||     8
       Distracted        |       |     3 |     1 |       ||     4
       Paralysed         |       |       |     1 |       ||     1
Armor: Robe              |    33 |    37 |    72 |     5 ||   147
Dodge: Dodged            |   133 |   127 |   167 |     3 ||   430
